 Dungeon Crawl Stone Soup version 0.27.1-33-g824d729ab1 (webtiles) character file.

Game seed: 4376576121176502561

154 daervis the Chopper (level 5, -1/33 HPs)
             Began as a Gargoyle Berserker on Dec 17, 2021.
             Was a Believer of Trog.
             Slain by a gnoll (8 damage)
             ... on level 5 of the Dungeon.
             The game lasted 00:10:12 (2497 turns).

daervis the Chopper (Gargoyle Berserker)            Turns: 2497, Time: 00:10:12

Health: -1/33      AC: 11    Str: 21    XL:     5   Next: 35%
Magic:  5/5        EV: 15    Int:  8    God:    Trog [**....]
Gold:   148        SH:  0    Dex:  9    Spells: 4/4 levels left

rFire    . . .     SeeInvis .   a - +0 hand axe
rCold    . . .     Faith    .   (no shield)
rNeg     + . .     Spirit   .   l - +0 leather armour
rPois    ∞         Reflect  .   (no helmet)
rElec    +         Harm     .   (no cloak)
rCorr    .         Rampage  .   (no gloves)
Will     .....                  (no boots)
Stlth    +.........             (no amulet)
HPRegen  0.11/turn              s - +4 ring of evasion
MPRegen  0.09/turn              g - +4 ring of protection

@: on berserk cooldown, slowed, very slow
A: sickness immunity, AC +4, negative energy resistance 1, electricity
resistance, torment resistance 1, petrification resistance
a: Renounce Religion, Berserk, Trog's Hand


You were on level 5 of the Dungeon.
You worshipped Trog.
Trog was pleased with you.
You visited 1 branch of the dungeon, and saw 5 of its levels.

You collected 148 gold pieces.

Inventory:

Hand Weapons
 a - a +0 hand axe (weapon)
Armour
 b - a +0 animal skin
 l - a +0 leather armour (worn)
Jewellery
 f - a +6 ring of dexterity
 g - a +4 ring of protection (right hand)
 p - a ring of flight
 s - a +4 ring of evasion (left hand)
Scrolls
 c - 2 scrolls of holy word {unknown}
 e - a scroll of amnesia {unknown}
 j - a scroll of enchant armour {unknown}
 o - a scroll of noise {unknown}
 q - 2 scrolls of identify {unknown}
 r - a scroll of fear {unknown}
Potions
 d - a potion of might {unknown}
 h - a potion of haste {unknown}
 i - a potion of invisibility {unknown}
 k - 2 potions of flight {unknown}
 m - 2 potions of curing {unknown}
 n - 2 potions of lignification {unknown}


   Skills:
 + Level 4.1 Fighting
 * Level 4.6 Axes
 + Level 2.5 Armour
 - Level 1.5 Dodging
 + Level 1.3 Stealth


You had 4 spell levels left.
You didn't know any spells.
Your spell library was empty.

Dungeon Overview and Level Annotations

Branches:
Dungeon (5/15)
 Temple: D:4-7

Altars:
Dithmenos


Innate Abilities, Weirdness & Mutations

You are immune to sickness and miasma.
Your stone body is resilient. (AC +4)
You are immune to poison.
You resist negative energy. (rN+)
You are resistant to electric shocks. (rElec)
You are resistant to unholy torment.
You are immune to petrification.


Message History

The hound misses you. The gnoll hits you but does no damage.
The gnoll hits you with a +0 halberd.
An ogre comes into view. It is wielding a +0 giant club.
The hound bites you but does no damage. The centaur zombie barely misses you.
The centaur zombie closely misses you.
The ogre shouts!
You hit the gnoll.
The gnoll is moderately wounded.
You hit the gnoll. You completely miss the hound. You hit the hound.
You hit the centaur zombie.
The hound bites you but does no damage. x2
The gnoll barely misses you. The gnoll closely misses you.
The hound bites you but does no damage.
The centaur zombie hits you but does no damage.
The centaur zombie kicks you but does no damage.
The hound bites you but does no damage. The gnoll closely misses you.
The hound closely misses you. The gnoll hits you with a +0 halberd!
The centaur zombie closely misses you. The centaur zombie barely misses you.
You barely miss the gnoll.
The gnoll is moderately wounded.
You hit the gnoll but do no damage. You hit the hound but do no damage.
You barely miss the hound. You hit the centaur zombie.
The hound closely misses you. The hound barely misses you.
The centaur zombie misses you. The centaur zombie closely misses you.
The hound misses you. The gnoll closely misses you.
The gnoll barely misses you. The hound closely misses you.
The centaur zombie hits you but does no damage.
The centaur zombie kicks you but does no damage.
The hound bites you but does no damage. The gnoll misses you.
The gnoll hits you with a +0 halberd!
* * * LOW HITPOINT WARNING * * *
You hit the gnoll.
The gnoll is heavily wounded.
You hit the centaur zombie. You hit the hound but do no damage.
You hit the hound. You hit the gnoll. The hound barely misses you.
The hound closely misses you.
The centaur zombie hits you but does no damage.
The centaur zombie kicks you but does no damage.
The hound barely misses you. The hound bites you but does no damage.
The gnoll barely misses you. The gnoll hits you with a +0 halberd!
You die...

#.# ...
... . #
#.# ..#.
#.# ....
#.#
...#..#Z##
.....Og@h#
...#..#gh#
#. #..# ..
#..# ..
.... ..
...## .
..!# #.#.#


You could see an ogre, 2 hounds, 2 gnolls and a centaur zombie.

Vanquished Creatures
  2 gnolls (D:4)
  5 adders (D:2)
  A worm (D:2)
  6 orcs (D:3)
  5 bats
  6 endoplasms
  3 giant cockroaches
  6 goblins
  6 hobgoblins
  8 jackals (D:1)
  5 quokkas
  4 ball pythons
  2 frilled lizards (D:1)
  A jackal skeleton (D:4)
  8 kobolds
  6 rats
74 creatures vanquished.

Notes
Turn   | Place    | Note
-------+----------+-------------------------------------------
     0 | D:1      | daervis the Gargoyle Berserker began the quest for the Orb.
     0 | D:1      | Reached XP level 1. HP: 14/14 MP: 1/1
    98 | D:1      | You fall into a shaft and drop 1 floor!
   146 | D:2      | Reached XP level 2. HP: 16/19 MP: 2/2
   705 | D:1      | Reached XP level 3. HP: 24/24 MP: 3/3
  1165 | D:2      | Found a faded altar of an unknown god.
  1183 | D:2      | Reached ** piety under Trog
  1438 | D:2      | Reached XP level 4. HP: 29/29 MP: 4/4
  1775 | D:2      | Reached skill level 1 in Stealth
  2075 | D:3      | Reached XP level 5. HP: 33/33 MP: 5/5
  2139 | D:3      | Found a shadowy altar of Dithmenos.
  2481 | D:5      | Entered Level 5 of the Dungeon
  2494 | D:5      | Noticed an ogre
  2497 | D:5      | Slain by a gnoll

Illustrated notes

Levels and vault maps discovered:
D:1:      zelgadis_glass_arrival_small, layout_basic
D:2:      layout_basic, shapermc_ecumenical_altar_venn,
          minmay_increasing_density
D:3:      layout_basic, mainiacjoe_overflow_surrounded_room, minmay_statues_item
D:4:      layout_basic, minmay_temple_entry_stoned_glass,
          serial_co_window_serial, co_window_corner_a,
          co_window_of_opportunity_a, co_window_paths_b, co_window_paths_a,
          co_window_of_opportunity_a, co_window_paths_a, co_window_corner_b,
          co_window_2corner, co_window_2corner, glass_columns_a,
          glass_columns_c, glass_columns_a, glass_columns_b, glass_columns_a,
          minmay_misc_feat_diagonals, uniq_ijyb, uniq_pikel
D:5:      layout_basic, nicolae_wu_jian_immortal_techniques, kennysheep_mini

Skill      XL: |  1  2  3  4 |
---------------+-------------+-----
Axes           | 3 4 |  4.6
Fighting       | 4 |  4.1
Stealth        | 1 |  1.3
Armour         | |  2.5
Dodging        | |  1.5

Action                   |  1- 3 |  4- 6 || total
-------------------------+-------+-------++-------
Melee: Hand axe          |   116 |   110 ||   226
Invok: Berserk           |     1 |     3 ||     4
 Stab: Sleeping          |     2 |     7 ||     9
Armor: Animal skin       |    38 |       ||    38
       Leather armour    |    13 |    74 ||    87
Dodge: Dodged            |    71 |    98 ||   169
